 Dungeon Crawl Stone Soup version 0.21-a0-509-gecc5317 (webtiles) character file.

107 Megalobster the Shield-Bearer (level 4, -1/42 HPs)
             Began as a Deep Dwarf Fighter on Nov 29, 2017.
             Killed by divine providence
             ... invoked by an orc priest
              (14 damage)
             ... on level 3 of the Dungeon.
             The game lasted 00:04:59 (1356 turns).

Megalobster the Shield-Bearer (Deep Dwarf Fighter)  Turns: 1356, Time: 00:05:00

Health: -1/42      AC:  7    Str: 21    XL:     4   Next: 57%
Magic:  4/4        EV:  7    Int:  8    God:
Gold:   66         SH:  9    Dex: 12    Spells: 3/3 levels left

rFire    . . .     SeeInvis .   a - +0 war axe
rCold    . . .     Gourm    +   c - +0 shield
rNeg     . . .     Faith    .   b - +0 scale mail
rPois    .         Spirit   .   (no helmet)
rElec    .         Reflect  .   (no cloak)
rCorr    .         Harm     .   (no gloves)
MR       .....                  (no boots)
Stlth    ..........             o - amulet of the gourmand
HPRegen  0.00/turn              (no ring)
MPRegen  0.09/turn              (no ring)

@: non-regenerating
A: damage resistance, heal wounds, sense surroundings 1, no regeneration
a: Heal Wounds


You were on level 3 of the Dungeon.
You were not hungry.

You visited 1 branch of the dungeon, and saw 3 of its levels.

You collected 66 gold pieces.

Inventory:

Hand Weapons
 a - a +0 war axe (weapon)
Armour
 b - a +0 scale mail (worn)
 c - a +0 shield (worn)
Jewellery
 o - an amulet of the gourmand (around neck)
Scrolls
 k - 3 scrolls of identify {unknown}
 m - a scroll of magic mapping {unknown}
 n - a scroll of fear {unknown}
 p - a scroll of immolation {unknown}
Potions
 d - 2 potions of might
 e - 2 potions of invisibility {unknown}
 h - a potion of cancellation {unknown}
 i - a potion of agility {unknown}
 j - a potion of flight {unknown}
Comestibles
 f - 3 bread rations
 g - 5 chunks of flesh
 l - a meat ration


   Skills:
 + Level 3.2 Fighting
 * Level 3.8 Axes
 + Level 3.9 Armour
 + Level 4.0 Shields


You had 3 spell levels left.
You didn't know any spells.

Dungeon Overview and Level Annotations

Branches:
Dungeon (3/15)

Altars:
Gozag
Okawaru
Qazlal
Ru
The Shining One


Innate Abilities, Weirdness & Mutations

You are resistant to damage.
You can heal yourself by infusing magical energy.
You passively map a small area around you.
You do not regenerate.


Message History

The orc hits you but does no damage.
An orc comes into view.
The orc shouts!
You slash the orc!
You kill the orc!
A goblin comes into view.
The goblin shouts!
You hit the orc priest.
The orc priest is lightly wounded.
The orc priest hits you but does no damage.
The orc priest hits you with a hand axe.
You hit the orc priest but do no damage.
The orc priest is lightly wounded.
The orc priest invokes the aid of Beogh against you.
Beogh smites you!
You closely miss the orc priest.
The orc priest is lightly wounded.
The orc priest mumbles some strange prayers to Beogh against you.
Beogh smites you!
You die...

#.# #####... * , *#.#
#......) , **#.#
#.###... ,
#.#######....... , ,*
#......##..##### *
#......'...#
##.....###.#
...###############.#####
,
...go.o@...........#...#
####################...#
#...............'
#.###########...# ,*
#..<#...........#
######.#.#.#########.#
..........#.# #.# *
###########.# #.# *
#.#########.#


You could see an orc priest, an orc and a goblin.

Vanquished Creatures
  Terence (D:3)
  3 adders (D:2)
  3 dart slugs
  2 leopard geckos
  An orc (D:3)
  6 giant cockroaches
  6 goblins
  5 hobgoblins
  2 jackals (D:1)
  4 ball pythons
  2 bats (D:3)
  3 frilled lizards
  5 kobolds
  5 rats
48 creatures vanquished.

Notes
Turn   | Place    | Note
-------+----------+-------------------------------------------
     0 | D:1      | Megalobster the Deep Dwarf Fighter began the quest for the Orb.
     0 | D:1      | Reached XP level 1. HP: 20/20 MP: 1/1
    72 | D:1      | Reached XP level 2. HP: 25/27 MP: 2/2
   704 | D:2      | Reached XP level 3. HP: 27/34 MP: 3/3
   813 | D:2      | Found an iron altar of Okawaru.
   813 | D:2      | Found an opulent altar of Gozag.
   817 | D:2      | Found a sacrificial altar of Ru.
   817 | D:2      | Found a stormy altar of Qazlal.
   840 | D:2      | Reached XP level 4. HP: 26/42 MP: 4/4
   950 | D:2      | Found a glowing golden altar of the Shining One.
  1283 | D:3      | Noticed Terence
  1288 | D:3      | Killed Terence
  1288 | D:3      | Reached skill level 4 in Shields
  1356 | D:3      | Killed from afar by an orc priest

Vault maps used:
D:1:      dpeg_arrival_stone_temple_mockup
D:2:      grunt_temple_overflow_open, tso_altar
D:3:      uniq_natasha, uniq_sigmund, uniq_robin, uniq_terence, uniq_ijyb

Skill      XL: |  1  2  3  4 |
---------------+-------------+-----
Fighting       | 3 |  3.2
Axes           | 3 |  3.8
Shields        | 4 |  4.0
Armour         | |  3.9

Action                   |  1- 3 |  4- 6 || total
-------------------------+-------+-------++-------
Melee: War axe           |   118 |    34 ||   152
  Use: Potion            |       |     1 ||     1
  Eat: Chunk             |       |     2 ||     2
Armor: Scale mail        |    53 |    11 ||    64
Dodge: Dodged            |    52 |    10 ||    62
Block: Shield            |    81 |    24 ||   105

Table legend:
 A = Spawn XP
 B = Non-spawn XP
 C = Spawn XP percentage of total XP
 D = Spawn monster count
 E = Non-spawn monster count
 F = Spawn count percentage of total count
 G = Total turns spent on level
                    A         B        C        D         E        F      G
               +---------+---------+-------+---------+---------+-------+---------
         Total |       0 |     154 |   0.0 |       0 |      48 |   0.0 |  1356
               +---------+---------+-------+---------+---------+-------+---------
           D:1 |       0 |      40 |   0.0 |       0 |      25 |   0.0 |   692
           D:2 |       0 |      68 |   0.0 |       0 |      17 |   0.0 |   461
           D:3 |       0 |      46 |   0.0 |       0 |       6 |   0.0 |   203
               +---------+---------+-------+---------+---------+-------+---------
